[ AOE2 MATCH · #467626054 ]
Team RMMongols vs Burgundians
[ REPLAY ANALYSIS · EXTRACTED FROM THE RECORDED GAME ]
Feudal
13:39
Castle
19:09
Imperial
33:40
| APM avg | 21.2 |
| APM peak | 51 |
| eAPM avg | 13.7 |
| Villagers / military | 137 / 101 |
Focus
⚔️ 27.7% · 🌾 72.3%
Mangudai ×98 · Trade Cart ×13 · Trebuchet (Packed) ×2 · Monk ×1
Feudal
15:36
Castle
26:18
Imperial
—
| APM avg | 12.7 |
| APM peak | 32 |
| eAPM avg | 10.7 |
| Villagers / military | 120 / 56 |
Focus
⚔️ 25.7% · 🌾 74.3%
Flemish Militia ×32 · Cavalry Archer ×18 · Spearman ×3 · Battering Ram ×3
Feudal
12:13
Castle
21:32
Imperial
38:07
| APM avg | 11.5 |
| APM peak | 31 |
| eAPM avg | 8.7 |
| Villagers / military | 52 / 230 |
Focus
⚔️ 29.3% · 🌾 70.7%
Skirmisher ×80 · Spearman ×69 · Cavalry Archer ×38 · Knight ×23 · Composite Bowman ×19 · Trade Cart ×5
Feudal
12:19
Castle
22:09
Imperial
34:22
| APM avg | 28.3 |
| APM peak | 78 |
| eAPM avg | 13.2 |
| Villagers / military | 93 / 125 |
Focus
⚔️ 30.8% · 🌾 69.2%
Cavalry Archer ×80 · Magyar Huszar ×28 · Spearman ×6 · Scout Cavalry ×6 · Trebuchet (Packed) ×3 · Archer ×2
Feudal
12:53
Castle
22:38
Imperial
40:43
| APM avg | 12.2 |
| APM peak | 32 |
| eAPM avg | 10.2 |
| Villagers / military | 121 / 175 |
Focus
⚔️ 25.1% · 🌾 74.9%
Spearman ×75 · Samurai ×44 · Knight ×38 · Trade Cart ×29 · Skirmisher ×17 · Monk ×1
Feudal
11:38
Castle
22:29
Imperial
35:28
| APM avg | 19.2 |
| APM peak | 43 |
| eAPM avg | 10.7 |
| Villagers / military | 108 / 137 |
Focus
⚔️ 35.5% · 🌾 64.5%
Magyar Huszar ×106 · Cavalry Archer ×21 · Scout Cavalry ×6 · Trebuchet (Packed) ×4
Feudal
13:07
Castle
24:58
Imperial
—
| APM avg | 11.3 |
| APM peak | 38 |
| eAPM avg | 7.0 |
| Villagers / military | 70 / 30 |
Focus
⚔️ 22.3% · 🌾 77.7%
Chu Ko Nu ×19 · Spearman ×11
Feudal
11:58
Castle
23:59
Imperial
39:23
| APM avg | 26.0 |
| APM peak | 82 |
| eAPM avg | 12.6 |
| Villagers / military | 120 / 67 |
Focus
⚔️ 25.7% · 🌾 74.3%
Tarkan ×37 · Cavalry Archer ×12 · Scout Cavalry ×6 · Spearman ×4 · Knight ×2 · Battering Ram ×2
Match map
Resources at game start + every placement click. Thick line = wall · dashed box = detected house wall. 🟡 gold · ⚪ stone · 🟢 berries · 🔶 boar · ⭕ relic
Inputs per minute
— Patheris - - JustMeow
Build order — Patheris
First 150 of 405 actions detected
| 0:04 | Create | Villager (Male) |
| 0:06 | Build | House |
| 0:29 | Build | House |
| 0:46 | Create | Villager (Male) |
| 0:46 | Create | Villager (Male) |
| 0:46 | Create | Villager (Male) |
| 0:46 | Create | Villager (Male) |
| 1:41 | Create | Villager (Male) |
| 1:41 | Create | Villager (Male) |
| 2:07 | Build | Lumber Camp |
| 2:11 | Create | Villager (Male) |
| 2:27 | Create | Villager (Male) |
| 2:28 | Create | Villager (Male) |
| 2:39 | Research | Loom |
| 3:37 | Create | Villager (Male) |
| 3:37 | Create | Villager (Male) |
| 3:37 | Create | Villager (Male) |
| 3:56 | Create | Villager (Male) |
| 4:03 | Build | House |
| 4:10 | Create | Villager (Male) |
| 4:36 | Create | Villager (Male) |
| 5:23 | Create | Villager (Male) |
| 5:23 | Create | Villager (Male) |
| 5:47 | Build | Mill |
| 6:16 | Build | Lumber Camp |
| 7:19 | Create | Villager (Male) |
| 7:19 | Create | Villager (Male) |
| 7:19 | Create | Villager (Male) |
| 7:19 | Create | Villager (Male) |
| 7:31 | Create | Villager (Male) |
| 7:31 | Create | Villager (Male) |
| 7:38 | Build | House |
| 7:50 | Create | Villager (Male) |
| 8:09 | Build | House |
| 9:28 | Research | Feudal Age |
| 9:31 | Create | Villager (Male) |
| 9:36 | Build | Mining Camp |
| 9:51 | Create | Villager (Male) |
| 9:51 | Create | Villager (Male) |
| 10:17 | Build | Farm |
| 10:19 | Build | Farm |
| 10:23 | Build | Farm |
| 10:29 | Build | Farm |
| 10:31 | Build | Farm |
| 10:33 | Build | Farm |
| 10:43 | Research | Feudal Age |
| 11:13 | Create | Villager (Male) |
| 11:13 | Create | Villager (Male) |
| 11:45 | Create | Villager (Male) |
| 11:53 | Build | House |
| 12:03 | Build | House |
| 13:36 | Build | Farm |
| 13:39 | Age | Feudal Age |
| 13:40 | Build | Farm |
| 13:46 | Research | Horse Collar |
| 13:49 | Research | Double-Bit Axe |
| 13:57 | Build | Market |
| 14:08 | Build | Blacksmith |
| 14:31 | Build | Farm |
| 14:37 | Build | Farm |
| 14:41 | Build | Farm |
| 14:43 | Build | Farm |
| 14:46 | Build | Farm |
| 14:49 | Create | Villager (Male) |
| 14:49 | Create | Villager (Male) |
| 14:50 | Create | Villager (Male) |
| 15:06 | Build | Mining Camp |
| 15:44 | Build | Farm |
| 16:00 | Create | Villager (Male) |
| 16:17 | Research | Castle Age |
| 16:42 | Create | Villager (Male) |
| 16:42 | Create | Villager (Male) |
| 17:08 | Build | Farm |
| 17:13 | Build | Farm |
| 17:18 | Build | Farm |
| 17:45 | Research | Wheelbarrow |
| 18:09 | Research | Stone Mining |
| 18:56 | Build | Palisade Wall |
| 19:07 | Build | Building 800 |
| 19:09 | Age | Castle Age |
| 19:14 | Create | Villager (Male) |
| 19:14 | Create | Villager (Male) |
| 20:24 | Build | Palisade Wall |
| 20:37 | Research | Bow Saw |
| 20:41 | Research | Heavy Plow |
| 20:44 | Research | Hand Cart |
| 20:47 | Create | Villager (Male) |
| 20:47 | Create | Villager (Male) |
| 21:02 | Build | Castle |
| 21:30 | Create | Villager (Male) |
| 21:30 | Create | Villager (Male) |
| 21:43 | Build | Farm |
| 21:43 | Build | Farm |
| 22:10 | Build | Farm |
| 22:14 | Create | Villager (Male) |
| 22:15 | Create | Villager (Male) |
| 22:36 | Build | House |
| 22:37 | Build | House |
| 23:28 | Build | Palisade Wall |
| 23:36 | Build | Palisade Gate |
| 23:43 | Build | Palisade Wall |
| 23:53 | Create | Villager (Male) |
| 23:54 | Create | Villager (Male) |
| 23:54 | Create | Villager (Male) |
| 24:06 | Build | Mining Camp |
| 24:09 | Create | Mangudai |
| 24:09 | Create | Mangudai |
| 24:10 | Create | Mangudai |
| 24:10 | Create | Mangudai |
| 24:10 | Create | Mangudai |
| 24:12 | Create | Mangudai |
| 24:43 | Build | Town Center |
| 24:54 | Build | Farm |
| 24:57 | Create | Villager (Male) |
| 24:57 | Create | Villager (Male) |
| 24:57 | Create | Villager (Male) |
| 25:03 | Build | Farm |
| 25:07 | Research | Gold Mining |
| 25:10 | Create | Villager (Male) |
| 25:10 | Create | Villager (Male) |
| 25:10 | Create | Villager (Male) |
| 25:23 | Create | Mangudai |
| 26:41 | Create | Villager (Male) |
| 26:41 | Create | Villager (Male) |
| 26:45 | Create | Villager (Male) |
| 26:45 | Create | Villager (Male) |
| 26:46 | Create | Villager (Male) |
| 27:09 | Build | Town Center |
| 27:19 | Build | Farm |
| 27:20 | Create | Villager (Male) |
| 27:20 | Create | Villager (Male) |
| 27:21 | Create | Villager (Male) |
| 27:21 | Create | Villager (Male) |
| 27:21 | Create | Villager (Male) |
| 27:32 | Create | Villager (Male) |
| 27:32 | Create | Villager (Male) |
| 28:11 | Build | Stone Wall |
| 28:19 | Build | Building 487 |
| 28:31 | Build | Stone Wall |
| 28:44 | Create | Villager (Male) |
| 28:44 | Create | Villager (Male) |
| 28:49 | Create | Villager (Male) |
| 28:49 | Create | Villager (Male) |
| 28:49 | Create | Villager (Male) |
| 28:49 | Create | Villager (Male) |
| 28:49 | Create | Villager (Male) |
| 28:50 | Create | Villager (Male) |
| 28:55 | Create | Villager (Male) |
| 28:55 | Create | Villager (Male) |
| 29:04 | Build | Mining Camp |
Build order — JustMeow
First 150 of 307 actions detected
| 0:12 | Build | House |
| 0:13 | Build | House |
| 0:14 | Build | House |
| 0:15 | Build | House |
| 0:20 | Create | Villager (Male) |
| 0:21 | Research | Loom |
| 0:21 | Create | Villager (Male) |
| 0:22 | Create | Villager (Male) |
| 0:26 | Research | Wheelbarrow |
| 1:09 | Create | Villager (Male) |
| 2:13 | Build | House |
| 2:15 | Build | House |
| 2:20 | Create | Villager (Male) |
| 2:21 | Create | Villager (Male) |
| 3:09 | Create | Villager (Male) |
| 3:09 | Create | Villager (Male) |
| 3:56 | Create | Villager (Male) |
| 3:56 | Create | Villager (Male) |
| 4:00 | Create | Villager (Male) |
| 4:34 | Create | Villager (Male) |
| 4:53 | Create | Villager (Male) |
| 5:24 | Create | Villager (Male) |
| 5:30 | Create | Villager (Male) |
| 5:50 | Create | Villager (Male) |
| 6:20 | Create | Villager (Male) |
| 6:21 | Create | Villager (Male) |
| 6:57 | Create | Villager (Male) |
| 7:36 | Build | Lumber Camp |
| 8:23 | Build | Mill |
| 8:26 | Create | Villager (Male) |
| 9:15 | Create | Villager (Male) |
| 9:16 | Create | Villager (Male) |
| 9:31 | Create | Villager (Male) |
| 9:42 | Build | Farm |
| 9:44 | Build | Farm |
| 9:45 | Build | Farm |
| 9:47 | Build | Farm |
| 9:52 | Build | Farm |
| 9:58 | Create | Villager (Male) |
| 10:20 | Create | Villager (Male) |
| 10:34 | Research | Horse Collar |
| 10:41 | Research | Double-Bit Axe |
| 10:51 | Create | Villager (Male) |
| 10:51 | Create | Villager (Male) |
| 11:00 | Create | Villager (Male) |
| 11:52 | Build | Farm |
| 12:04 | Create | Villager (Male) |
| 12:24 | Create | Villager (Male) |
| 12:26 | Create | Villager (Male) |
| 12:45 | Build | Farm |
| 13:16 | Create | Villager (Male) |
| 13:16 | Create | Villager (Male) |
| 13:22 | Research | Feudal Age |
| 13:39 | Build | Mining Camp |
| 13:50 | Create | Villager (Male) |
| 13:50 | Create | Villager (Male) |
| 14:04 | Build | Farm |
| 14:05 | Build | Farm |
| 14:08 | Build | Farm |
| 14:10 | Build | Farm |
| 14:17 | Build | Farm |
| 14:22 | Build | Farm |
| 14:30 | Build | Farm |
| 14:39 | Build | Farm |
| 14:45 | Build | Farm |
| 14:50 | Create | Villager (Male) |
| 14:58 | Research | Gold Mining |
| 14:58 | Research | Stone Mining |
| 15:33 | Build | Barracks |
| 15:36 | Age | Feudal Age |
| 15:37 | Create | Villager (Male) |
| 15:59 | Build | Watch Tower |
| 17:17 | Build | Stone Wall |
| 17:44 | Build | Blacksmith |
| 18:37 | Create | Villager (Male) |
| 18:38 | Create | Villager (Male) |
| 18:38 | Create | Villager (Male) |
| 18:38 | Create | Villager (Male) |
| 18:38 | Create | Villager (Male) |
| 18:48 | Build | House |
| 18:50 | Build | House |
| 18:51 | Build | House |
| 18:51 | Build | House |
| 19:14 | Create | Spearman |
| 19:14 | Create | Spearman |
| 19:14 | Create | Spearman |
| 19:17 | Create | Flemish Militia |
| 19:17 | Create | Flemish Militia |
| 19:17 | Create | Flemish Militia |
| 20:01 | Create | Villager (Male) |
| 20:02 | Create | Villager (Male) |
| 20:24 | Research | Bow Saw |
| 20:29 | Create | Villager (Male) |
| 20:29 | Create | Villager (Male) |
| 20:41 | Create | Villager (Male) |
| 20:57 | Build | Mining Camp |
| 21:03 | Create | Villager (Male) |
| 21:04 | Create | Villager (Male) |
| 21:04 | Create | Villager (Male) |
| 21:10 | Build | House |
| 21:18 | Build | Building 490 |
| 21:25 | Build | House |
| 21:34 | Create | Villager (Male) |
| 21:34 | Create | Villager (Male) |
| 21:52 | Build | Market |
| 22:43 | Build | Stone Wall |
| 23:08 | Build | House |
| 23:09 | Build | House |
| 23:10 | Build | House |
| 23:13 | Research | Castle Age |
| 23:30 | Build | House |
| 23:31 | Build | House |
| 23:32 | Build | House |
| 23:34 | Build | House |
| 24:29 | Create | Villager (Male) |
| 24:29 | Create | Villager (Male) |
| 24:30 | Create | Villager (Male) |
| 24:40 | Create | Flemish Militia |
| 24:40 | Create | Flemish Militia |
| 24:40 | Create | Flemish Militia |
| 24:40 | Create | Flemish Militia |
| 25:24 | Build | Watch Tower |
| 25:39 | Build | Farm |
| 25:40 | Build | Farm |
| 25:41 | Build | Farm |
| 25:45 | Build | Farm |
| 26:02 | Build | Mill |
| 26:05 | Build | Farm |
| 26:07 | Build | Farm |
| 26:09 | Build | Farm |
| 26:10 | Build | Farm |
| 26:13 | Create | Villager (Male) |
| 26:18 | Age | Castle Age |
| 26:23 | Create | Villager (Male) |
| 26:23 | Create | Villager (Male) |
| 26:45 | Build | Town Center |
| 26:59 | Research | Gold Shaft Mining |
| 26:59 | Research | Stone Shaft Mining |
| 27:16 | Build | Watch Tower |
| 27:36 | Create | Villager (Male) |
| 27:36 | Create | Villager (Male) |
| 27:36 | Create | Villager (Male) |
| 27:37 | Create | Villager (Male) |
| 27:37 | Create | Villager (Male) |
| 27:37 | Create | Villager (Male) |
| 28:11 | Create | Villager (Male) |
| 28:11 | Create | Villager (Male) |
| 28:11 | Create | Villager (Male) |
| 28:11 | Create | Villager (Male) |
| 28:11 | Create | Villager (Male) |
Build order — sW SmxkeZ
First 150 of 241 actions detected
| 0:09 | Build | House |
| 0:11 | Build | House |
| 0:12 | Build | House |
| 0:13 | Build | House |
| 0:20 | Create | Villager (Male) |
| 0:20 | Create | Villager (Male) |
| 0:20 | Create | Villager (Male) |
| 0:21 | Research | Loom |
| 0:22 | Create | Villager (Male) |
| 0:22 | Create | Villager (Male) |
| 1:50 | Create | Villager (Male) |
| 2:11 | Create | Villager (Male) |
| 2:59 | Create | Villager (Male) |
| 3:13 | Create | Villager (Male) |
| 3:40 | Create | Villager (Male) |
| 3:59 | Create | Villager (Male) |
| 4:44 | Create | Villager (Male) |
| 4:55 | Build | Mule Cart |
| 5:06 | Create | Villager (Male) |
| 5:31 | Create | Villager (Male) |
| 5:55 | Create | Villager (Male) |
| 5:56 | Create | Villager (Male) |
| 6:53 | Build | Mill |
| 7:50 | Create | Villager (Male) |
| 7:50 | Create | Villager (Male) |
| 8:51 | Create | Villager (Male) |
| 9:23 | Build | Mule Cart |
| 10:03 | Research | Feudal Age |
| 10:03 | Research | Feudal Age |
| 11:39 | Create | Villager (Male) |
| 11:39 | Create | Villager (Male) |
| 11:39 | Create | Villager (Male) |
| 12:13 | Age | Feudal Age |
| 12:36 | Build | House |
| 12:37 | Build | House |
| 12:38 | Build | House |
| 12:40 | Build | House |
| 13:35 | Create | Villager (Male) |
| 13:37 | Create | Villager (Male) |
| 14:27 | Create | Villager (Male) |
| 14:41 | Build | Market |
| 14:49 | Build | Blacksmith |
| 15:06 | Create | Villager (Male) |
| 15:08 | Create | Villager (Male) |
| 15:45 | Build | Building 665 |
| 15:53 | Build | Stone Wall |
| 15:59 | Build | Stone Wall |
| 16:15 | Build | Stone Wall |
| 16:23 | Create | Villager (Male) |
| 16:23 | Create | Villager (Male) |
| 17:17 | Build | Farm |
| 17:18 | Build | Farm |
| 17:21 | Build | Farm |
| 17:22 | Build | Farm |
| 17:24 | Build | Farm |
| 17:25 | Build | Farm |
| 17:27 | Build | Farm |
| 17:28 | Build | Farm |
| 17:34 | Create | Villager (Male) |
| 17:53 | Create | Villager (Male) |
| 18:29 | Create | Trade Cart |
| 18:30 | Create | Trade Cart |
| 18:30 | Create | Trade Cart |
| 18:37 | Create | Trade Cart |
| 18:52 | Research | Castle Age |
| 19:15 | Build | Barracks |
| 19:47 | Research | Forging |
| 20:00 | Build | Barracks |
| 20:03 | Create | Spearman |
| 20:03 | Create | Spearman |
| 20:04 | Create | Spearman |
| 20:31 | Create | Spearman |
| 20:31 | Create | Spearman |
| 21:32 | Age | Castle Age |
| 21:37 | Create | Villager (Male) |
| 21:38 | Create | Villager (Male) |
| 21:38 | Create | Villager (Male) |
| 22:11 | Build | Farm |
| 22:12 | Build | Farm |
| 22:13 | Build | Farm |
| 22:31 | Build | Mule Cart |
| 23:43 | Create | Villager (Male) |
| 23:44 | Create | Villager (Male) |
| 23:44 | Create | Villager (Male) |
| 24:32 | Build | Farm |
| 24:37 | Build | Farm |
| 25:05 | Build | Stone Wall |
| 25:14 | Build | Castle |
| 25:41 | Build | Monastery |
| 25:44 | Build | Monastery |
| 25:50 | Create | Villager (Male) |
| 25:50 | Create | Villager (Male) |
| 25:50 | Create | Villager (Male) |
| 26:31 | Build | House |
| 26:31 | Build | House |
| 26:33 | Build | House |
| 26:35 | Build | House |
| 26:36 | Build | House |
| 26:50 | Build | Farm |
| 26:56 | Create | Monk |
| 27:14 | Build | Farm |
| 27:15 | Build | Farm |
| 27:20 | Create | Villager (Male) |
| 27:21 | Create | Villager (Male) |
| 27:28 | Research | Pikeman (upgrade) |
| 27:29 | Research | Squires |
| 27:29 | Research | Arson |
| 27:40 | Build | Farm |
| 27:49 | Research | Horse Collar |
| 27:53 | Build | Farm |
| 27:59 | Create | Villager (Male) |
| 28:05 | Research | Iron Casting |
| 28:06 | Research | Scale Mail Armor |
| 28:17 | Build | Farm |
| 28:21 | Research | Heavy Plow |
| 28:45 | Build | Farm |
| 28:49 | Build | Farm |
| 29:00 | Create | Composite Bowman |
| 29:00 | Create | Composite Bowman |
| 29:11 | Create | Villager (Male) |
| 29:11 | Create | Villager (Male) |
| 29:11 | Create | Villager (Male) |
| 29:12 | Create | Villager (Male) |
| 29:52 | Research | Double-Bit Axe |
| 29:52 | Research | Gold Mining |
| 30:39 | Research | Bow Saw |
| 30:46 | Create | Trade Cart |
| 30:56 | Create | Composite Bowman |
| 30:57 | Create | Composite Bowman |
| 31:00 | Create | Villager (Male) |
| 31:00 | Create | Villager (Male) |
| 31:02 | Create | Villager (Male) |
| 31:38 | Research | Halberdier (upgrade) |
| 32:32 | Research | Gold Shaft Mining |
| 32:45 | Create | Villager (Male) |
| 32:45 | Create | Villager (Male) |
| 33:23 | Build | Archery Range |
| 33:25 | Build | Archery Range |
| 33:31 | Build | Stable |
| 33:32 | Build | Stable |
| 33:42 | Research | Wheelbarrow |
| 33:42 | Research | Wheelbarrow |
| 34:07 | Research | Imperial Age |
| 34:35 | Create | Composite Bowman ×5 |
| 34:36 | Create | Composite Bowman ×5 |
| 34:37 | Create | Composite Bowman ×5 |
| 34:48 | Research | Chain Mail Armor |
| 34:49 | Research | Padded Archer Armor |
| 36:12 | Create | Spearman ×5 |
| 36:12 | Create | Spearman ×5 |
Build order — God's whip Attila
First 150 of 329 actions detected
| 0:06 | Build | House |
| 0:06 | Build | House |
| 0:07 | Build | House |
| 0:07 | Build | House |
| 0:08 | Build | House |
| 0:11 | Create | Villager (Male) |
| 0:12 | Create | Villager (Male) |
| 0:13 | Create | Villager (Male) |
| 0:13 | Create | Villager (Male) |
| 1:52 | Create | Villager (Male) |
| 1:52 | Create | Villager (Male) |
| 2:28 | Create | Villager (Male) |
| 3:04 | Build | Lumber Camp |
| 3:08 | Create | Villager (Male) |
| 3:43 | Create | Villager (Male) |
| 4:20 | Create | Villager (Male) |
| 4:21 | Create | Villager (Male) |
| 5:14 | Create | Villager (Male) |
| 5:14 | Create | Villager (Male) |
| 5:15 | Create | Villager (Male) |
| 6:32 | Build | Building 800 |
| 6:36 | Create | Villager (Male) |
| 6:36 | Create | Villager (Male) |
| 6:47 | Build | House |
| 7:04 | Build | Palisade Wall |
| 7:24 | Build | Mill |
| 7:32 | Create | Villager (Male) |
| 7:32 | Create | Villager (Male) |
| 7:33 | Create | Villager (Male) |
| 7:33 | Create | Villager (Male) |
| 7:33 | Create | Villager (Male) |
| 7:49 | Create | Villager (Male) |
| 7:49 | Create | Villager (Male) |
| 8:34 | Build | Building 800 |
| 8:44 | Build | Palisade Wall |
| 8:53 | Create | Villager (Male) |
| 8:54 | Create | Villager (Male) |
| 9:34 | Build | Barracks |
| 9:45 | Build | Palisade Wall |
| 10:09 | Research | Feudal Age |
| 10:10 | Research | Loom |
| 10:35 | Build | Lumber Camp |
| 11:12 | Build | Mining Camp |
| 12:12 | Create | Villager (Male) |
| 12:12 | Create | Villager (Male) |
| 12:13 | Create | Villager (Male) |
| 12:19 | Age | Feudal Age |
| 12:25 | Build | Farm |
| 12:26 | Build | Farm |
| 12:28 | Build | Farm |
| 12:29 | Build | Farm |
| 12:48 | Build | House |
| 12:53 | Build | House |
| 12:56 | Build | House |
| 13:03 | Create | Villager (Male) |
| 13:35 | Build | Palisade Wall |
| 13:51 | Build | Building 804 |
| 14:03 | Build | Market |
| 14:10 | Create | Villager (Male) |
| 14:10 | Create | Villager (Male) |
| 14:10 | Create | Villager (Male) |
| 14:26 | Build | Palisade Wall |
| 15:05 | Build | Blacksmith |
| 15:17 | Create | Spearman |
| 15:18 | Create | Spearman |
| 15:20 | Create | Villager (Male) |
| 15:21 | Create | Villager (Male) |
| 15:28 | Build | Farm |
| 15:29 | Build | Farm |
| 15:32 | Build | Farm |
| 15:33 | Build | Farm |
| 16:00 | Build | Palisade Wall |
| 16:12 | Build | Palisade Wall |
| 16:24 | Build | Palisade Wall |
| 16:30 | Build | Farm |
| 16:43 | Build | Farm |
| 16:48 | Research | Double-Bit Axe |
| 16:51 | Research | Horse Collar |
| 17:04 | Build | Building 796 |
| 17:22 | Build | House |
| 18:09 | Build | Palisade Wall |
| 18:50 | Build | House |
| 19:21 | Build | Farm |
| 19:21 | Build | Farm |
| 19:22 | Build | Farm |
| 19:22 | Build | Farm |
| 19:23 | Build | Farm |
| 19:29 | Research | Castle Age |
| 19:44 | Build | Archery Range |
| 21:01 | Build | Archery Range |
| 21:05 | Create | Archer |
| 21:05 | Create | Archer |
| 21:16 | Research | Gold Mining |
| 21:17 | Research | Stone Mining |
| 21:27 | Build | Mining Camp |
| 21:41 | Create | Spearman |
| 21:41 | Create | Spearman |
| 22:09 | Age | Castle Age |
| 22:50 | Build | House |
| 23:11 | Research | Bow Saw |
| 23:15 | Create | Villager (Male) |
| 23:15 | Create | Villager (Male) |
| 23:16 | Create | Villager (Male) |
| 23:23 | Build | Town Center |
| 23:47 | Build | Town Center |
| 24:16 | Build | Farm |
| 24:37 | Build | Building 673 |
| 24:52 | Research | Wheelbarrow |
| 24:54 | Create | Villager (Male) |
| 24:55 | Create | Villager (Male) |
| 24:55 | Create | Villager (Male) |
| 24:55 | Create | Villager (Male) |
| 25:04 | Research | Gold Shaft Mining |
| 25:09 | Create | Villager (Male) |
| 25:10 | Create | Villager (Male) |
| 25:10 | Create | Villager (Male) |
| 25:17 | Create | Spearman |
| 25:18 | Create | Spearman |
| 25:52 | Build | Stable |
| 26:42 | Build | Farm |
| 27:05 | Build | Stone Wall |
| 27:24 | Create | Villager (Male) |
| 27:24 | Create | Villager (Male) |
| 27:25 | Create | Villager (Male) |
| 27:25 | Create | Villager (Male) |
| 27:28 | Create | Villager (Male) |
| 27:28 | Create | Villager (Male) |
| 27:29 | Create | Villager (Male) |
| 27:40 | Build | Farm |
| 27:40 | Build | Farm |
| 27:41 | Build | Farm |
| 27:56 | Create | Villager (Male) |
| 27:56 | Create | Villager (Male) |
| 27:56 | Create | Villager (Male) |
| 27:57 | Create | Villager (Male) |
| 28:01 | Create | Villager (Male) |
| 28:02 | Create | Villager (Male) |
| 28:06 | Create | Villager (Male) |
| 28:17 | Build | Farm |
| 28:25 | Build | Farm |
| 28:28 | Build | Farm |
| 28:33 | Build | Farm |
| 28:39 | Build | Farm |
| 28:46 | Build | House |
| 28:49 | Build | House |
| 28:51 | Build | House |
| 29:26 | Build | University |
| 30:03 | Build | Castle |
| 30:31 | Build | House |
| 30:35 | Build | House |
Build order — deniz1623
First 150 of 293 actions detected
| 0:17 | Build | House |
| 0:20 | Create | Villager (Male) |
| 0:20 | Create | Villager (Male) |
| 0:21 | Create | Villager (Male) |
| 0:21 | Create | Villager (Male) |
| 0:21 | Create | Villager (Male) |
| 0:44 | Build | House |
| 1:59 | Create | Villager (Male) |
| 2:00 | Create | Villager (Male) |
| 3:04 | Create | Villager (Male) |
| 3:04 | Create | Villager (Male) |
| 3:05 | Create | Villager (Male) |
| 4:04 | Create | Villager (Male) |
| 4:04 | Create | Villager (Male) |
| 4:21 | Create | Villager (Male) |
| 5:56 | Create | Villager (Male) |
| 5:56 | Create | Villager (Male) |
| 6:03 | Build | House |
| 6:39 | Build | House |
| 6:46 | Create | Villager (Male) |
| 7:17 | Build | Mill |
| 7:29 | Create | Villager (Male) |
| 7:40 | Build | Mining Camp |
| 7:51 | Create | Villager (Male) |
| 7:52 | Create | Villager (Male) |
| 7:52 | Create | Villager (Male) |
| 8:14 | Create | Villager (Male) |
| 8:14 | Create | Villager (Male) |
| 9:03 | Build | Lumber Camp |
| 9:27 | Build | Farm |
| 9:29 | Build | Farm |
| 9:30 | Build | Farm |
| 9:57 | Create | Villager (Male) |
| 10:23 | Build | Farm |
| 10:29 | Research | Feudal Age |
| 10:49 | Build | Farm |
| 11:23 | Create | Villager (Male) |
| 11:23 | Create | Villager (Male) |
| 11:23 | Create | Villager (Male) |
| 11:32 | Create | Villager (Male) |
| 12:06 | Create | Villager (Male) |
| 12:10 | Create | Villager (Male) |
| 12:10 | Create | Villager (Male) |
| 12:10 | Create | Villager (Male) |
| 12:11 | Create | Villager (Male) |
| 12:53 | Age | Feudal Age |
| 13:26 | Research | Double-Bit Axe |
| 13:32 | Research | Horse Collar |
| 13:45 | Build | House |
| 13:46 | Build | House |
| 13:47 | Build | House |
| 14:26 | Research | Gold Mining |
| 15:14 | Build | Market |
| 16:08 | Research | Wheelbarrow |
| 16:12 | Research | Stone Mining |
| 16:34 | Build | Blacksmith |
| 16:50 | Build | Mining Camp |
| 16:58 | Create | Villager (Male) |
| 17:51 | Build | Barracks |
| 18:24 | Build | Farm |
| 18:25 | Build | Farm |
| 18:26 | Build | Farm |
| 18:28 | Build | Farm |
| 18:46 | Build | Farm |
| 18:48 | Build | Farm |
| 18:49 | Build | Farm |
| 18:52 | Build | Farm |
| 19:04 | Build | Farm |
| 19:19 | Create | Spearman |
| 19:20 | Create | Spearman |
| 19:30 | Build | Stone Wall |
| 19:42 | Create | Spearman |
| 19:58 | Research | Castle Age |
| 20:18 | Create | Spearman |
| 21:24 | Create | Trade Cart |
| 21:24 | Create | Trade Cart |
| 21:24 | Create | Trade Cart |
| 21:25 | Create | Trade Cart |
| 21:26 | Create | Trade Cart |
| 22:15 | Build | Stone Wall |
| 22:35 | Build | Stone Wall |
| 22:38 | Age | Castle Age |
| 22:44 | Research | Hand Cart |
| 23:21 | Create | Villager (Male) |
| 23:21 | Create | Villager (Male) |
| 23:21 | Create | Villager (Male) |
| 23:21 | Create | Villager (Male) |
| 23:22 | Create | Villager (Male) ×5 |
| 23:22 | Create | Villager (Male) ×5 |
| 23:22 | Create | Villager (Male) ×5 |
| 23:52 | Build | Town Center |
| 24:08 | Research | Pikeman (upgrade) |
| 24:08 | Create | Spearman |
| 24:09 | Create | Spearman |
| 24:09 | Create | Spearman |
| 24:09 | Create | Spearman |
| 25:01 | Build | House |
| 25:02 | Build | House |
| 25:04 | Build | House |
| 25:06 | Build | House |
| 25:08 | Build | House |
| 25:10 | Build | House |
| 25:12 | Build | House |
| 25:56 | Build | Stone Wall |
| 26:07 | Build | Stone Wall |
| 26:32 | Create | Villager (Male) |
| 26:32 | Create | Villager (Male) ×5 |
| 26:32 | Create | Villager (Male) ×5 |
| 26:33 | Create | Villager (Male) ×4 |
| 26:33 | Create | Villager (Male) ×4 |
| 26:39 | Build | Lumber Camp |
| 26:42 | Research | Bow Saw |
| 26:46 | Research | Heavy Plow |
| 29:07 | Create | Villager (Male) |
| 29:07 | Create | Villager (Male) |
| 29:07 | Create | Villager (Male) |
| 29:23 | Build | Town Center |
| 29:43 | Build | Farm |
| 30:06 | Build | Farm |
| 30:21 | Build | University |
| 30:31 | Build | Farm |
| 30:56 | Build | Farm |
| 31:11 | Create | Villager (Male) |
| 31:12 | Create | Villager (Male) ×5 |
| 31:12 | Create | Villager (Male) |
| 31:12 | Create | Villager (Male) |
| 31:21 | Build | Farm |
| 31:27 | Create | Villager (Male) |
| 31:27 | Create | Villager (Male) |
| 31:28 | Create | Villager (Male) |
| 31:28 | Create | Villager (Male) |
| 31:28 | Create | Villager (Male) |
| 31:40 | Build | Building 673 |
| 31:51 | Build | Farm |
| 31:56 | Create | Villager (Male) ×5 |
| 31:56 | Create | Villager (Male) ×5 |
| 31:56 | Create | Villager (Male) ×5 |
| 31:57 | Create | Villager (Male) ×5 |
| 32:08 | Build | Farm |
| 32:09 | Build | Farm |
| 32:10 | Build | Farm |
| 32:16 | Build | Farm |
| 32:34 | Build | Stone Wall |
| 32:50 | Build | Mill |
| 32:54 | Build | Mill |
| 32:58 | Build | Mill |
| 33:08 | Build | House |
| 33:09 | Build | House |
| 33:10 | Build | House |
| 33:12 | Build | House |
Build order — MessiahOVO
First 150 of 346 actions detected
| 0:19 | Create | Villager (Male) |
| 0:19 | Create | Villager (Male) |
| 0:20 | Create | Villager (Male) |
| 0:22 | Build | House |
| 0:25 | Build | House |
| 0:35 | Create | Villager (Male) |
| 0:35 | Create | Villager (Male) |
| 2:03 | Create | Villager (Male) |
| 2:16 | Build | Lumber Camp |
| 2:28 | Create | Villager (Male) |
| 2:52 | Create | Villager (Male) |
| 3:22 | Create | Villager (Male) |
| 3:36 | Create | Villager (Male) |
| 4:02 | Build | House |
| 4:06 | Create | Villager (Male) |
| 4:42 | Create | Villager (Male) |
| 4:48 | Build | Mill |
| 4:51 | Create | Villager (Male) |
| 5:36 | Create | Villager (Male) |
| 5:43 | Build | House |
| 6:04 | Create | Villager (Male) |
| 6:27 | Create | Villager (Male) |
| 6:42 | Create | Villager (Male) |
| 7:03 | Create | Villager (Male) |
| 7:33 | Create | Villager (Male) |
| 8:11 | Create | Villager (Male) |
| 8:21 | Create | Villager (Male) |
| 8:55 | Build | House |
| 9:03 | Create | Villager (Male) |
| 9:08 | Research | Feudal Age |
| 9:16 | Build | House |
| 10:00 | Build | Mill |
| 10:14 | Build | Barracks |
| 10:28 | Build | Lumber Camp |
| 11:38 | Age | Feudal Age |
| 11:48 | Build | Stable |
| 11:52 | Create | Villager (Male) |
| 12:07 | Build | Blacksmith |
| 12:13 | Research | Double-Bit Axe |
| 12:15 | Research | Horse Collar |
| 12:18 | Create | Villager (Male) |
| 12:29 | Build | Farm |
| 12:31 | Create | Villager (Male) |
| 12:49 | Build | Mining Camp |
| 13:09 | Build | Outpost |
| 13:10 | Create | Villager (Male) |
| 13:14 | Build | Farm |
| 13:15 | Create | Villager (Male) |
| 13:21 | Build | Farm |
| 13:22 | Create | Villager (Male) |
| 13:40 | Create | Scout Cavalry |
| 13:53 | Create | Villager (Male) |
| 14:02 | Build | Farm |
| 14:06 | Build | Farm |
| 14:07 | Create | Villager (Male) |
| 14:12 | Create | Scout Cavalry |
| 14:22 | Build | Stable |
| 14:23 | Create | Villager (Male) |
| 14:33 | Build | House |
| 14:36 | Create | Villager (Male) |
| 14:38 | Build | Farm |
| 14:47 | Build | Farm |
| 14:54 | Build | Farm |
| 14:59 | Research | Bloodlines |
| 15:12 | Build | Lumber Camp |
| 15:13 | Create | Villager (Male) |
| 16:01 | Create | Scout Cavalry |
| 16:01 | Create | Scout Cavalry |
| 16:04 | Create | Villager (Male) |
| 16:07 | Build | Farm |
| 16:10 | Build | Farm |
| 16:18 | Build | House |
| 16:20 | Build | House |
| 17:14 | Create | Villager (Male) |
| 17:18 | Build | Farm |
| 17:18 | Build | Farm |
| 17:18 | Build | Farm |
| 17:18 | Build | Farm |
| 17:19 | Build | Farm |
| 17:19 | Build | Farm |
| 17:19 | Build | Farm |
| 17:23 | Build | House |
| 17:49 | Create | Villager (Male) |
| 17:53 | Build | Farm |
| 18:05 | Create | Scout Cavalry |
| 18:05 | Create | Scout Cavalry |
| 18:19 | Create | Villager (Male) |
| 18:21 | Build | Farm |
| 18:23 | Create | Villager (Male) |
| 18:45 | Build | Archery Range |
| 18:46 | Build | Archery Range |
| 18:52 | Build | Farm |
| 18:53 | Create | Villager (Male) |
| 19:35 | Build | Farm |
| 19:49 | Research | Castle Age |
| 19:51 | Build | Farm |
| 20:15 | Research | Scale Barding Armor |
| 20:39 | Research | Fletching |
| 20:50 | Research | Gold Mining |
| 21:23 | Research | Town Watch |
| 21:27 | Research | Padded Archer Armor |
| 22:22 | Research | Loom |
| 22:23 | Research | Wheelbarrow |
| 22:29 | Age | Castle Age |
| 22:51 | Build | Town Center |
| 22:54 | Research | Husbandry |
| 22:59 | Create | Cavalry Archer |
| 23:00 | Create | Cavalry Archer |
| 23:10 | Create | Villager (Male) |
| 23:30 | Create | Villager (Male) |
| 23:52 | Create | Cavalry Archer |
| 23:52 | Create | Cavalry Archer |
| 24:33 | Create | Cavalry Archer |
| 24:34 | Create | Cavalry Archer |
| 24:37 | Create | Villager (Male) |
| 24:43 | Build | Town Center |
| 24:45 | Create | Villager (Male) |
| 25:31 | Create | Villager (Male) |
| 25:33 | Create | Villager (Male) |
| 25:35 | Create | Villager (Male) |
| 25:47 | Create | Villager (Male) |
| 25:49 | Research | Bodkin Arrow |
| 25:50 | Research | Chain Barding Armor |
| 25:51 | Research | Leather Archer Armor |
| 26:33 | Create | Cavalry Archer |
| 26:33 | Create | Cavalry Archer |
| 26:39 | Create | Cavalry Archer |
| 26:39 | Create | Cavalry Archer |
| 26:42 | Create | Villager (Male) |
| 26:43 | Create | Villager (Male) |
| 26:47 | Create | Villager (Male) |
| 26:49 | Create | Villager (Male) |
| 26:50 | Create | Villager (Male) |
| 26:54 | Create | Villager (Male) |
| 26:55 | Create | Villager (Male) |
| 27:12 | Build | House |
| 27:13 | Build | House |
| 27:20 | Research | Hand Cart |
| 28:01 | Build | Farm |
| 28:02 | Create | Villager (Male) |
| 28:04 | Create | Villager (Male) |
| 28:05 | Create | Villager (Male) |
| 28:05 | Create | Villager (Male) |
| 28:07 | Create | Villager (Male) |
| 28:20 | Build | Mining Camp |
| 28:22 | Create | Villager (Male) |
| 28:23 | Create | Villager (Male) |
| 28:38 | Research | Town Patrol |
| 29:04 | Create | Villager (Male) |
| 29:39 | Build | House |
Build order — thejamiec42
First 150 of 160 actions detected
| 0:03 | Research | Loom |
| 1:01 | Create | Villager (Male) |
| 1:02 | Create | Villager (Male) |
| 1:34 | Create | Villager (Male) |
| 1:35 | Create | Villager (Male) |
| 2:13 | Create | Villager (Male) |
| 2:45 | Create | Villager (Male) |
| 2:46 | Create | Villager (Male) |
| 2:46 | Create | Villager (Male) |
| 3:23 | Create | Villager (Male) |
| 3:33 | Create | Villager (Male) |
| 3:46 | Build | House |
| 3:49 | Build | House |
| 3:51 | Build | House |
| 3:52 | Build | House |
| 4:05 | Create | Villager (Male) |
| 4:18 | Create | Villager (Male) |
| 4:36 | Create | Villager (Male) |
| 5:01 | Create | Villager (Male) |
| 5:19 | Create | Villager (Male) |
| 5:49 | Build | Mill |
| 6:02 | Create | Villager (Male) |
| 6:03 | Create | Villager (Male) |
| 6:30 | Build | Mining Camp |
| 7:01 | Build | Mining Camp |
| 7:39 | Build | Lumber Camp |
| 8:01 | Create | Villager (Male) |
| 8:02 | Create | Villager (Male) |
| 10:57 | Research | Feudal Age |
| 13:07 | Age | Feudal Age |
| 13:08 | Research | Double-Bit Axe |
| 13:13 | Research | Horse Collar |
| 13:16 | Research | Stone Mining |
| 13:17 | Create | Villager (Male) |
| 13:17 | Create | Villager (Male) |
| 13:21 | Create | Villager (Male) |
| 13:33 | Create | Villager (Male) |
| 13:49 | Build | Blacksmith |
| 13:55 | Build | Market |
| 14:02 | Build | Stone Wall |
| 14:15 | Create | Villager (Male) |
| 14:26 | Build | Farm |
| 14:30 | Build | Farm |
| 14:33 | Build | Farm |
| 14:37 | Build | Farm |
| 14:48 | Create | Villager (Male) |
| 14:49 | Create | Villager (Male) |
| 14:52 | Build | Farm |
| 14:57 | Build | Farm |
| 15:05 | Build | Farm |
| 15:38 | Build | Farm |
| 15:48 | Build | Farm |
| 15:51 | Build | Farm |
| 16:06 | Build | Farm |
| 16:52 | Build | Barracks |
| 17:07 | Build | Farm |
| 17:11 | Build | Farm |
| 17:30 | Create | Spearman |
| 17:30 | Create | Spearman |
| 17:31 | Create | Spearman |
| 17:31 | Create | Spearman |
| 18:18 | Create | Villager (Male) |
| 18:18 | Create | Villager (Male) |
| 18:29 | Build | House |
| 18:53 | Create | Villager (Male) |
| 18:53 | Create | Villager (Male) |
| 19:38 | Create | Spearman |
| 20:16 | Create | Spearman |
| 20:21 | Build | Farm |
| 20:38 | Create | Villager (Male) |
| 20:38 | Create | Villager (Male) |
| 20:43 | Create | Spearman |
| 21:00 | Create | Villager (Male) |
| 21:01 | Create | Villager (Male) |
| 21:59 | Build | Farm |
| 22:14 | Research | Castle Age |
| 22:23 | Build | Farm |
| 22:27 | Create | Spearman |
| 22:37 | Create | Spearman |
| 23:54 | Build | House |
| 23:55 | Build | House |
| 23:57 | Build | House |
| 23:59 | Build | House |
| 24:01 | Build | House |
| 24:03 | Build | House |
| 24:05 | Build | House |
| 24:06 | Build | House |
| 24:58 | Age | Castle Age |
| 25:06 | Build | Castle |
| 25:19 | Create | Villager (Male) |
| 25:20 | Create | Villager (Male) |
| 25:20 | Create | Villager (Male) |
| 25:20 | Create | Villager (Male) |
| 26:16 | Build | Town Center |
| 26:30 | Research | Pikeman (upgrade) |
| 27:07 | Create | Spearman |
| 27:08 | Create | Spearman |
| 27:22 | Create | Villager (Male) |
| 27:22 | Create | Villager (Male) |
| 27:22 | Create | Villager (Male) |
| 27:31 | Build | Farm |
| 28:12 | Create | Villager (Male) |
| 28:31 | Create | Chu Ko Nu |
| 28:32 | Create | Chu Ko Nu |
| 28:32 | Create | Chu Ko Nu |
| 28:32 | Create | Chu Ko Nu |
| 28:33 | Create | Chu Ko Nu |
| 28:33 | Create | Chu Ko Nu |
| 28:33 | Create | Chu Ko Nu |
| 28:34 | Create | Chu Ko Nu |
| 28:53 | Research | Scale Mail Armor |
| 28:54 | Research | Fletching |
| 28:54 | Research | Padded Archer Armor |
| 30:17 | Create | Villager (Male) |
| 30:17 | Create | Villager (Male) |
| 30:18 | Create | Villager (Male) |
| 30:18 | Create | Villager (Male) |
| 30:18 | Create | Villager (Male) |
| 30:19 | Create | Villager (Male) |
| 30:19 | Create | Villager (Male) |
| 30:51 | Create | Chu Ko Nu |
| 30:53 | Create | Chu Ko Nu |
| 30:54 | Create | Chu Ko Nu |
| 31:40 | Create | Chu Ko Nu |
| 31:41 | Create | Chu Ko Nu |
| 31:41 | Create | Chu Ko Nu |
| 32:12 | Create | Villager (Male) |
| 32:13 | Create | Villager (Male) |
| 32:14 | Create | Villager (Male) |
| 32:15 | Create | Villager (Male) |
| 32:16 | Create | Villager (Male) |
| 32:42 | Build | Farm |
| 33:45 | Create | Villager (Male) |
| 33:45 | Create | Villager (Male) |
| 33:45 | Create | Villager (Male) |
| 34:10 | Create | Chu Ko Nu |
| 34:11 | Create | Chu Ko Nu |
| 34:57 | Build | Farm |
| 35:05 | Build | Farm |
| 35:32 | Create | Chu Ko Nu |
| 35:34 | Create | Chu Ko Nu |
| 35:38 | Create | Chu Ko Nu |
| 35:46 | Build | Farm |
| 35:58 | Create | Villager (Male) |
| 35:58 | Create | Villager (Male) |
| 35:59 | Create | Villager (Male) |
| 36:00 | Create | Villager (Male) |
| 37:30 | Create | Villager (Male) |
| 37:30 | Create | Villager (Male) |
| 37:31 | Create | Villager (Male) |
Build order — kakela
First 150 of 307 actions detected
| 0:10 | Create | Villager (Male) |
| 0:11 | Create | Villager (Male) |
| 0:11 | Create | Villager (Male) |
| 0:11 | Create | Villager (Male) |
| 0:12 | Create | Villager (Male) |
| 1:38 | Create | Villager (Male) |
| 1:56 | Build | Lumber Camp |
| 2:08 | Create | Villager (Male) |
| 2:46 | Create | Villager (Male) |
| 2:53 | Create | Villager (Male) |
| 3:19 | Create | Villager (Male) |
| 3:37 | Create | Villager (Male) |
| 4:12 | Create | Villager (Male) |
| 4:32 | Build | Mill |
| 4:59 | Create | Villager (Male) |
| 5:34 | Create | Villager (Male) |
| 6:15 | Create | Villager (Male) |
| 6:46 | Create | Villager (Male) |
| 7:16 | Create | Villager (Male) |
| 7:31 | Create | Villager (Male) |
| 7:31 | Create | Villager (Male) |
| 7:32 | Create | Villager (Male) |
| 8:15 | Create | Villager (Male) |
| 8:32 | Build | Mill |
| 9:48 | Research | Feudal Age |
| 9:49 | Create | Villager (Male) |
| 9:49 | Create | Villager (Male) |
| 10:02 | Build | Lumber Camp |
| 10:06 | Build | Farm |
| 10:08 | Build | Farm |
| 10:11 | Build | Farm |
| 11:58 | Age | Feudal Age |
| 11:59 | Build | Barracks |
| 12:03 | Create | Villager (Male) |
| 12:14 | Research | Double-Bit Axe |
| 12:16 | Research | Horse Collar |
| 12:54 | Build | Farm |
| 12:56 | Create | Villager (Male) |
| 12:58 | Create | Villager (Male) |
| 13:41 | Build | Stable |
| 13:45 | Build | Farm |
| 13:57 | Build | Farm |
| 14:01 | Create | Villager (Male) |
| 14:33 | Create | Villager (Male) |
| 14:33 | Create | Villager (Male) |
| 14:33 | Create | Villager (Male) |
| 14:33 | Create | Villager (Male) |
| 14:34 | Create | Villager (Male) |
| 14:38 | Create | Scout Cavalry |
| 14:38 | Create | Scout Cavalry |
| 14:50 | Build | Mining Camp |
| 14:59 | Build | Lumber Camp |
| 15:04 | Build | Farm |
| 15:14 | Create | Scout Cavalry |
| 15:52 | Create | Scout Cavalry |
| 16:59 | Create | Villager (Male) |
| 17:00 | Create | Villager (Male) |
| 17:16 | Create | Scout Cavalry |
| 17:46 | Build | Farm |
| 17:47 | Create | Villager (Male) |
| 17:52 | Build | Farm |
| 18:23 | Build | Farm |
| 18:23 | Create | Villager (Male) |
| 18:25 | Create | Villager (Male) |
| 18:47 | Build | Market |
| 18:51 | Build | Blacksmith |
| 18:59 | Build | Farm |
| 19:02 | Create | Villager (Male) |
| 20:24 | Build | Farm |
| 20:41 | Build | Farm |
| 20:48 | Build | Farm |
| 20:54 | Create | Villager (Male) |
| 21:14 | Research | Castle Age |
| 21:15 | Create | Villager (Male) |
| 21:25 | Build | Farm |
| 21:30 | Build | Mining Camp |
| 21:50 | Create | Scout Cavalry |
| 22:58 | Build | Stone Wall |
| 23:03 | Build | Stone Wall |
| 23:07 | Build | Stone Wall |
| 23:19 | Build | Building 487 |
| 23:44 | Build | Stone Wall |
| 23:47 | Build | Building 487 |
| 23:53 | Build | Stone Wall |
| 23:55 | Build | Stone Wall |
| 23:59 | Age | Castle Age |
| 24:01 | Create | Villager (Male) |
| 24:01 | Create | Villager (Male) |
| 24:05 | Build | Town Center |
| 24:10 | Create | Villager (Male) |
| 24:14 | Research | Bow Saw |
| 24:32 | Build | Lumber Camp |
| 24:43 | Build | Farm |
| 24:49 | Build | Town Center |
| 24:57 | Research | Light Cavalry (upgrade) |
| 25:02 | Create | Knight |
| 25:11 | Build | Farm |
| 25:12 | Create | Villager (Male) |
| 25:30 | Build | Monastery |
| 25:51 | Build | Archery Range |
| 26:47 | Build | Farm |
| 26:52 | Build | Lumber Camp |
| 26:59 | Research | Stone Mining |
| 27:06 | Create | Knight |
| 27:08 | Create | Cavalry Archer |
| 27:08 | Create | Cavalry Archer |
| 27:08 | Create | Cavalry Archer |
| 27:12 | Create | Villager (Male) |
| 27:12 | Create | Villager (Male) |
| 27:13 | Create | Villager (Male) |
| 27:13 | Create | Villager (Male) |
| 27:14 | Build | Lumber Camp |
| 27:17 | Create | Villager (Male) |
| 27:17 | Create | Villager (Male) |
| 27:18 | Create | Villager (Male) |
| 27:20 | Build | Farm |
| 27:23 | Research | Loom |
| 27:26 | Research | Wheelbarrow |
| 27:26 | Create | Villager (Male) |
| 27:27 | Create | Villager (Male) |
| 28:15 | Build | Farm |
| 28:17 | Build | Farm |
| 28:27 | Build | Archery Range |
| 28:31 | Create | Cavalry Archer |
| 28:52 | Create | Spearman |
| 28:53 | Create | Spearman |
| 29:56 | Build | Farm |
| 29:58 | Build | Mining Camp |
| 30:08 | Build | Farm |
| 30:18 | Research | Gold Mining |
| 30:21 | Create | Villager (Male) |
| 30:21 | Create | Villager (Male) |
| 30:24 | Create | Villager (Male) |
| 30:25 | Create | Villager (Male) |
| 30:25 | Create | Villager (Male) |
| 30:25 | Create | Villager (Male) |
| 30:28 | Research | Hand Cart |
| 30:29 | Create | Villager (Male) |
| 30:29 | Create | Villager (Male) |
| 30:33 | Research | Pikeman (upgrade) |
| 30:55 | Build | Mining Camp |
| 31:10 | Build | Mining Camp |
| 31:13 | Create | Villager (Male) |
| 31:13 | Create | Villager (Male) |
| 31:13 | Create | Villager (Male) |
| 31:14 | Create | Villager (Male) |
| 31:14 | Create | Villager (Male) |
| 31:21 | Research | Heavy Plow |
| 31:28 | Build | Lumber Camp |
| 31:32 | Create | Villager (Male) |
Match timeline
| 7:04 | God's whip Attila · wall_segment Palisade Wall x4 |
| 8:44 | God's whip Attila · wall_segment Palisade Wall x4 |
| 9:34 | God's whip Attila · first_building Barracks |
| 9:45 | God's whip Attila · wall_segment Palisade Wall x4 |
| 10:14 | MessiahOVO · first_building Barracks |
| 11:38 | MessiahOVO · age_up feudal |
| 11:48 | MessiahOVO · first_building Stable |
| 11:58 | kakela · age_up feudal |
| 11:59 | kakela · first_building Barracks |
| 12:13 | sW SmxkeZ · age_up feudal |
| 12:19 | God's whip Attila · age_up feudal |
| 12:53 | deniz1623 · age_up feudal |
| 13:07 | thejamiec42 · age_up feudal |
| 13:35 | God's whip Attila · wall_segment Palisade Wall x14 |
| 13:39 | Patheris · age_up feudal |
| 13:41 | kakela · first_building Stable |
| 14:02 | thejamiec42 · wall_segment Stone Wall x3 |
| 14:26 | God's whip Attila · wall_segment Palisade Wall x1 |
| 15:33 | JustMeow · first_building Barracks |
| 15:36 | JustMeow · age_up feudal |
| 15:53 | sW SmxkeZ · wall_segment Stone Wall x26 |
| 15:59 | sW SmxkeZ · wall_segment Stone Wall x1 |
| 16:00 | God's whip Attila · wall_segment Palisade Wall x11 |
| 16:12 | God's whip Attila · wall_segment Palisade Wall x7 |
| 16:15 | sW SmxkeZ · wall_segment Stone Wall x18 |
| 16:18 | deniz1623 · first_market_buy 100 food |
| 16:21 | deniz1623 · first_market_sell 100 wood |
| 16:24 | God's whip Attila · wall_segment Palisade Wall x5 |
| 16:52 | thejamiec42 · first_building Barracks |
| 17:17 | JustMeow · wall_segment Stone Wall x5 |
| 17:38 | sW SmxkeZ · first_market_buy 100 food |
| 17:39 | God's whip Attila · first_market_sell 100 wood |
| 17:42 | God's whip Attila · first_market_buy 100 food |
| 17:51 | deniz1623 · first_building Barracks |
| 18:09 | God's whip Attila · wall_segment Palisade Wall x7 |
| 18:45 | MessiahOVO · first_building Archery Range |
| 18:56 | Patheris · wall_segment Palisade Wall x7 |
| 19:09 | Patheris · age_up castle |
| 19:15 | sW SmxkeZ · first_building Barracks |
| 19:30 | deniz1623 · wall_segment Stone Wall x14 |
| 19:44 | God's whip Attila · first_building Archery Range |
| 19:53 | sW SmxkeZ · first_market_sell 100 stone |
| 20:24 | Patheris · wall_segment Palisade Wall x12 |
| 21:02 | Patheris · first_building Castle |
| 21:32 | sW SmxkeZ · age_up castle |
| 22:09 | God's whip Attila · age_up castle |
| 22:15 | deniz1623 · wall_segment Stone Wall x19 |
| 22:29 | MessiahOVO · age_up castle |
| 22:35 | deniz1623 · wall_segment Stone Wall x18 |
| 22:38 | deniz1623 · age_up castle |
| 22:43 | JustMeow · wall_segment Stone Wall x19 |
| 22:58 | kakela · wall_segment Stone Wall x9 |
| 23:03 | kakela · wall_segment Stone Wall x7 |
| 23:07 | kakela · wall_segment Stone Wall x5 |
| 23:28 | Patheris · wall_segment Palisade Wall x3 |
| 23:43 | Patheris · wall_segment Palisade Wall x4 |
| 23:44 | kakela · wall_segment Stone Wall x9 |
| 23:53 | kakela · wall_segment Stone Wall x5 |
| 23:55 | kakela · wall_segment Stone Wall x1 |
| 23:59 | kakela · age_up castle |
| 24:37 | kakela · first_market_buy 100 stone |
| 24:38 | kakela · first_market_sell 100 wood |
| 24:58 | thejamiec42 · age_up castle |
| 25:05 | sW SmxkeZ · wall_segment Stone Wall x2 |
| 25:06 | thejamiec42 · first_building Castle |
| 25:14 | sW SmxkeZ · first_building Castle |
| 25:30 | kakela · first_building Monastery |
| 25:41 | sW SmxkeZ · first_building Monastery |
| 25:51 | kakela · first_building Archery Range |
| 25:52 | God's whip Attila · first_building Stable |
| 25:56 | deniz1623 · wall_segment Stone Wall x1 |
| 26:07 | deniz1623 · wall_segment Stone Wall x32 |
| 26:18 | JustMeow · age_up castle |
| 26:27 | JustMeow · first_market_buy 100 wood |
| 27:05 | God's whip Attila · wall_segment Stone Wall x4 |
| 28:11 | Patheris · wall_segment Stone Wall x3 |
| 28:31 | Patheris · wall_segment Stone Wall x5 |
| 28:34 | JustMeow · wall_segment Stone Wall x9 |
| 29:31 | Patheris · wall_segment Stone Wall x5 |
| 29:49 | Patheris · wall_segment Stone Wall x5 |
| 30:03 | God's whip Attila · first_building Castle |
| 30:27 | thejamiec42 · first_market_sell 100 food |
| 30:29 | JustMeow · first_building Archery Range |
| 30:43 | MessiahOVO · first_building Castle |
| 32:13 | kakela · first_building Castle |
| 32:26 | kakela · first_building Siege Workshop |
| 32:34 | deniz1623 · wall_segment Stone Wall x18 |
| 33:23 | sW SmxkeZ · first_building Archery Range |
| 33:31 | sW SmxkeZ · first_building Stable |
| 33:40 | Patheris · age_up imperial |
| 33:41 | Patheris · first_building Monastery |
| 33:55 | deniz1623 · first_building Monastery |
| 34:09 | JustMeow · wall_segment Stone Wall x12 |
| 34:22 | God's whip Attila · age_up imperial |
| 35:28 | MessiahOVO · age_up imperial |
| 36:38 | deniz1623 · first_building Castle |
| 36:58 | deniz1623 · first_building Stable |
| 37:14 | sW SmxkeZ · wall_segment Stone Wall x8 |
| 37:33 | sW SmxkeZ · wall_segment Stone Wall x6 |
| 37:46 | JustMeow · wall_segment Stone Wall x28 |
| 38:07 | sW SmxkeZ · age_up imperial |
| 38:19 | JustMeow · first_building Siege Workshop |
| 38:32 | Patheris · first_building Siege Workshop |
| 38:33 | thejamiec42 · resign |
| 39:23 | kakela · age_up imperial |
| 40:27 | deniz1623 · first_building Archery Range |
| 40:43 | deniz1623 · age_up imperial |
| 42:16 | sW SmxkeZ · wall_segment Stone Wall x5 |
| 44:20 | God's whip Attila · wall_segment Stone Wall x6 |
| 44:43 | JustMeow · wall_segment Stone Wall x1 |
| 47:48 | JustMeow · wall_segment Stone Wall x18 |
| 48:04 | sW SmxkeZ · wall_segment Stone Wall x5 |
| 48:10 | JustMeow · wall_segment Stone Wall x14 |
| 48:10 | sW SmxkeZ · wall_segment Stone Wall x1 |
| 48:18 | sW SmxkeZ · wall_segment Stone Wall x1 |
| 49:46 | sW SmxkeZ · wall_segment Stone Wall x1 |
[ AI ANALYSIS · 1 CREDIT ]
What really happened in this match?
Wolo.gg analyzes every decision: build order, eco, micro, common mistakes by bracket. Personalized analysis on WhatsApp or Discord in 30 seconds.
Civ guide
Mongols
Map guide
Highland
Perfil
Patheris